 Dungeon Crawl Stone Soup version 0.16-a0-324-g99bef82 (webtiles) character file.

159 Mindmaker the Charlatan (level 5, -2/41 HPs)
             Began as a Mummy Fighter on Sept 2, 2014.
             Slain by a gnoll
             ... wielding a cursed -2 club
              (4 damage)
             ... on Level 3 of the Dungeon.
             The game lasted 00:11:05 (2168 turns).

Mindmaker the Charlatan (Mummy Fighter)             Turns: 2168, Time: 00:11:05

HP  -2/41        AC  9     Str 19      XL: 5   Next: 17%
MP   8/8         EV  4     Int  7      God:
Gold 194         SH  8     Dex 12      Spells:  0 memorised,  4 levels left

rFire  x . .     SeeInvis .     n - +1 morningstar
rCold  + . .     Clarity  .     d - +0 chain mail
rNeg   + + +     rCorr    .     c - +0 shield
rPois  +         rRot     +     (no helmet)
rElec  .         Spirit   .     e - +0 cloak
SustAb .         Warding  .     (no gloves)
rMut   .         Stasis   +     (no boots)
Gourm  .                        a - amulet of stasis
MR     .....                    (no ring)
                                k - ring of invisibility

@: not resistant to hostile enchantments, extremely unstealthy
A: no food or potions, fire vulnerability, restore body, cold resistance 1,
negative energy resistance 3, poison resistance, torment resistance, unbreathing
a: Evoke Invisibility


You were on level 3 of the Dungeon.
You were not hungry.

You visited 1 branch of the dungeon, and saw 3 of its levels.

You collected 194 gold pieces.

Inventory:

Hand weapons
 n - a +1 morningstar (weapon)
Armour
 c - a +0 shield (worn)
 d - a +0 chain mail (worn)
 e - a +0 cloak (worn)
Scrolls
 b - a scroll of fog {unknown}
 h - 4 scrolls of identify {unknown}
 l - a scroll of fear {unknown}
Jewellery
 a - an amulet of stasis (around neck)
 f - a +3 ring of protection {unknown}
 k - a ring of invisibility (left hand)


   Skills:
 - Level 3.0 Fighting
 - Level 2.2 Maces & Flails
 - Level 2.4 Armour
 - Level 2.4 Shields
 + Level 4.1 Evocations


You had 4 spell levels left.
You didn't know any spells.

Dungeon Overview and Level Annotations

Branches:
Dungeon (3/15)

Altars:
Dithmenos


Innate Abilities, Weirdness & Mutations

You do not eat or drink.
Your flesh is vulnerable to fire.
Your flesh is cold resistant.
You are immune to negative energy.
Your system is resistant to poisons.
You are immune to unholy pain and torment.
You can survive without breathing.


Message History

You thump the gnoll!
The gnoll is severely wounded.
You block the gnoll's attack. The gnoll hits you but does no damage.
The gnoll hits you with a whip.
* * * LOW HITPOINT WARNING * * *
You block the gnoll's attack.
Your chain mail prevents you from hitting the gnoll.
The gnoll is severely wounded.
You block the gnoll's attack. The gnoll hits you but does no damage.
You block the gnoll's attack. The gnoll hits you with a whip.
* * * LOW HITPOINT WARNING * * *
The gnoll hits you but does no damage.
You barely miss the gnoll.
The gnoll is severely wounded.
You block the gnoll's attack. The gnoll completely misses you.
The gnoll hits you but does no damage. You block the gnoll's attack.
Your shield and chain mail prevent you from hitting the gnoll.
The gnoll is severely wounded.
The gnoll hits you with a club.
You die...

#.#..)....##...(.##.
.....................
..##.#..##.........#
...#)..####..._...##
.#.#....##.........##.
.#.#.#.......).........
.#.#.#....##.....#
.........###..#..##
.#.#<#.#%##..###@g##..
.......#.....###gg....#
...#.#######..#..#.##.#
.###.# #...).#... .#
#.# #.##### ### .# #.#
#.# .# #.# #.# .# #.#
##.#####.# .# #.#
#........#


You could see 3 gnolls.

Vanquished Creatures
  An ogre (D:3)
  2 adders
  A gnoll (D:3)
  2 worms (D:3)
  A giant gecko (D:1)
  2 oozes
  A giant cockroach (D:3)
  10 goblins
  8 hobgoblins
  10 kobolds
  3 bats
  A giant newt (D:1)
  5 rats
47 creatures vanquished.

Notes
Turn   | Place    | Note
--------------------------------------------------------------
     0 | D:1      | Mindmaker, the Mummy Fighter, began the quest for the Orb.
     0 | D:1      | Reached XP level 1. HP: 18/18 MP: 1/1
   499 | D:1      | Reached XP level 2. HP: 24/24 MP: 2/2
   951 | D:2      | Reached skill level 1 in Evocations
  1280 | D:2      | Upgraded the game from 0.16-a0-321-g9a421ca to 0.16-a0-324-g99bef82
  1280 | D:2      | Reached XP level 3. HP: 14/29 MP: 4/4
  1559 | D:3      | Found a shadowy altar of Dithmenos.
  2054 | D:3      | Noticed an ogre
  2060 | D:3      | Killed an ogre
  2060 | D:3      | Reached XP level 4. HP: 25/35 MP: 6/6
  2060 | D:3      | Reached XP level 5. HP: 29/41 MP: 8/8
  2079 | D:3      | Reached skill level 4 in Evocations
  2166 | D:3      | HP: 1/41 [gnoll/whip (5)]
  2168 | D:3      | Slain by a gnoll

Action                   |  1- 3 |  4- 6 || total
-------------------------+-------+-------++-------
Melee: Flail             |   101 |       ||   101
       Morningstar       |    59 |    24 ||    83
  Use: Scroll            |     5 |       ||     5
